 Dungeon Crawl Stone Soup version 0.23-a0-536-g5e0f5a2 (webtiles) character file.

399 Bargorn the Sneak (level 6, 0/52 HPs)
             Began as a Minotaur Assassin on Dec 7, 2018.
             Was an Initiate of Dithmenos.
             Slain by an ooze (3 damage)
             ... on level 5 of the Dungeon.
             The game lasted 00:05:35 (3703 turns).

Bargorn the Sneak (Minotaur Assassin)               Turns: 3703, Time: 00:05:36

Health: 0/52       AC:  4    Str: 15    XL:     6   Next: 53%
Magic:  5/5        EV: 13    Int:  8    God:    Dithmenos [......]
Gold:   164        SH:  0    Dex: 14    Spells: 5/5 levels left

rFire    . . .     SeeInvis .   a - +2 dagger
rCold    . . .     Gourm    .   (no shield)
rNeg     . . .     Faith    .   o - +0 leather armour
rPois    .         Spirit   .   (helmet restricted)
rElec    .         Reflect  .   h - +0 cloak
rCorr    .         Harm     .   (no gloves)
MR       .....                  (no boots)
Stlth    +++.......             (no amulet)
HPRegen  0.17/turn              (no ring)
MPRegen  0.09/turn              (no ring)

@: no status effects
A: retaliatory headbutt, horns 2
a: Renounce Religion


You were on level 5 of the Dungeon.
You worshipped Dithmenos.
Dithmenos was noncommittal.
You were not hungry.

You visited 1 branch of the dungeon, and saw 5 of its levels.

You collected 164 gold pieces.

Inventory:

Hand Weapons
 a - a +2 dagger (weapon)
 b - a +0 blowgun
Missiles
 e - 3 poisoned needles
 f - 2 curare-tipped needles
Armour
 h - a +0 cloak (worn)
 o - a +0 leather armour (worn)
Scrolls
 i - 9 scrolls of identify {unknown}
 k - a scroll of enchant weapon {unknown}
 m - a scroll of blinking {unknown}
 n - 2 scrolls of teleportation {unknown}
 r - a scroll of enchant armour {unknown}
 t - 2 scrolls of random uselessness {unknown}
 u - 2 scrolls of amnesia {unknown}
Potions
 c - a potion of berserk rage {unknown}
 d - a potion of degeneration {unknown}
 j - 4 potions of curing {unknown}
 l - a potion of flight {unknown}
 p - a potion of agility {unknown}
 q - a potion of heal wounds {unknown}
 v - a potion of haste {unknown}
Comestibles
 g - 13 rations


   Skills:
 + Level 4.0 Fighting
 + Level 3.6 Short Blades
 + Level 3.3 Throwing
 + Level 3.0 Dodging
 * Level 4.9 Stealth


You had 5 spell levels left.
You didn't know any spells.
Your spell library was empty.

Dungeon Overview and Level Annotations

Branches:
Dungeon (5/15)
 Temple: D:4-7

Altars:
Ashenzari
Dithmenos
Fedhas
Gozag
Hepliaklqana
Okawaru
Sif Muna
Uskayaw
The Shining One


Innate Abilities, Weirdness & Mutations

You reflexively headbutt those who attack you in melee.
You have a pair of horns on your head.


Message History

* * * LOW HITPOINT WARNING * * *
The giant cockroach closely misses you. You furiously retaliate!
You headbutt the giant cockroach, but do no damage.
You hit the centaur.
You kill the centaur!
Dithmenos accepts your kill.
Your Fighting skill increases to level 4!
Your Dodging skill increases to level 3!
The ooze hits you.
* * * LOW HITPOINT WARNING * * *
The giant cockroach misses you.
You hit the ooze.
The ooze is moderately wounded.
The ooze hits you.
* * * LOW HITPOINT WARNING * * *
The giant cockroach barely misses you.
You hit the ooze.
The ooze is severely wounded.
The ooze hits you.
You die...

### ## ....#.
.#..#.### .#
......#.#####.#
...............
............?..
#...sJ).....#
#.@...# #.(...#
##(...# #####
##(...# #...#
#.....# #...#
#.<...#
##...######.....#
#...............#
#.......[.......#


You could see an ooze and a giant cockroach.

Vanquished Creatures
  A centaur (D:5)
  A crimson imp (D:5)
  3 hounds
  3 worker ants (D:4)
  5 adders
  3 oozes
  A worm (D:1)
  4 leopard geckos
  2 orcs (D:3)
  3 giant cockroaches
  7 goblins
  9 hobgoblins
  2 jackals (D:3)
  2 quokkas
  3 ball pythons
  5 bats
  2 frilled lizards
  A jackal skeleton (D:4)
  6 kobolds
  A quokka zombie (D:5)
  6 rats
70 creatures vanquished.

Notes
Turn   | Place    | Note
-------+----------+-------------------------------------------
     0 | D:1      | Bargorn the Minotaur Assassin began the quest for the Orb.
     0 | D:1      | Reached XP level 1. HP: 18/18 MP: 0/0
   302 | D:1      | Reached XP level 2. HP: 25/25 MP: 1/1
  1067 | D:2      | Reached XP level 3. HP: 29/30 MP: 2/2
  1629 | D:3      | Reached XP level 4. HP: 32/38 MP: 3/3
  2459 | D:4      | Found a glowing golden altar of the Shining One.
  2464 | D:4      | Found a shattered altar of Ashenzari.
  2465 | D:4      | Found a shadowy altar of Dithmenos.
  2465 | D:4      | Found a deep blue altar of Sif Muna.
  2471 | D:4      | Reached XP level 5. HP: 45/45 MP: 4/4
  2473 | D:4      | Found an iron altar of Okawaru.
  2474 | D:4      | Found a hide-covered altar of Uskayaw.
  2479 | D:4      | Became a worshipper of Dithmenos the Shadowed
  2508 | D:5      | Entered Level 5 of the Dungeon
  2975 | D:4      | Found a blossoming altar of Fedhas.
  3203 | D:4      | Found an opulent altar of Gozag.
  3463 | D:5      | Found a hazy altar of Hepliaklqana.
  3472 | D:5      | Reached XP level 6. HP: 30/52 MP: 5/5
  3703 | D:5      | Slain by an ooze

Vault maps used:
D:1:      dpeg_arrival_brainrot
D:3:      kennysheep_generic_room_9
D:4:      kennysheep_mini_moat, minitemple, first_ration,
          grunt_gozag_breadcrumbs
D:5:      nicolae_overflow_hidden_temple

Skill      XL: |  1  2  3  4  5  6 |
---------------+-------------------+-----
Fighting       | 3 4 |  4.0
Stealth        | 4 |  4.9
Dodging        | 2 3 |  3.0
Short Blades   | 3 |  3.6
Throwing       | 3 |  3.3

Action                   |  1- 3 |  4- 6 || total
-------------------------+-------+-------++-------
Melee: Dagger            |    49 |   114 ||   163
       Headbutt          |     2 |    10 ||    12
 Fire: Blowgun           |    24 |     1 ||    25
 Stab: Sleeping          |     3 |     9 ||    12
  Eat: Chunk             |     2 |     5 ||     7
       Ration            |       |     1 ||     1
Armor: Robe              |     4 |       ||     4
       Leather armour    |     6 |    27 ||    33
Dodge: Dodged            |    26 |    76 ||   102

Table legend:
 A = Non-vault XP
 B = Vault XP
 C = Vault XP percentage of total XP
 D = Non-vault monster count
 E = Vault monster count
 F = Vault count percentage of total count
                 A         B        C        D         E       F
            +---------+---------+-------+---------+---------+-------
      Total |     563 |       7 |   1.2 |      68 |       2 |   2.9
            +---------+---------+-------+---------+---------+-------
        D:1 |      20 |       5 |  20.0 |      11 |       1 |   8.3
        D:2 |      55 |       0 |   0.0 |      15 |       0 |   0.0
        D:3 |      46 |       2 |   4.2 |      24 |       1 |   4.0
        D:4 |     232 |       0 |   0.0 |      13 |       0 |   0.0
        D:5 |     210 |       0 |   0.0 |       5 |       0 |   0.0
            +---------+---------+-------+---------+---------+-------
